AoeStats
← waw15

Hill Fort

504814660Analyzed
4v4 RM · 24d ago on Sep 6, 2026· 76m 28s· 8 players
Game mode
Random Map
Map size
Large (8 player)
Population
200
Speed
Normal
Resources
Standard
Victory
Conquest
Starting age
Dark Age
Ending age
Imperial Age
RankedLock teamsTeams togetherTeam positionsShared explorationLock speedFull tech treeHidden civsTurbo modeCheats
Victory
Defeat
🇮🇹 Turks · Italy
941
+15
🇭🇰 Lithuanians · Hong Kong SAR China
935
+15
🇨🇳 Italians · China
926
+16
893
+17
🇺🇸 Slavs · United States
972
-29
🇬🇧 Franks · United Kingdom
930
-16
🇺🇸 Vikings · United States
912
-16
🇩🇰 Mongols · Denmark
875
-14
TheDukeJukem
10:07 Loom
12:58 Feudal Age
17:31 Castle Age
15:53 Double-Bit Axe
16:46 Horse Collar
17:47 Gold Mining
19:16 Heavy Plow
19:28 Bow Saw
24:06 Scale Mail Armor
24:18 Forging
32:29 Imperial Age
32:35 Ballistics
34:13 Chemistry
35:30 Elite Cannon Galleon
37:26 Chain Mail Armor
37:04 Fletching
38:33 Siege Engineers
40:26 Conscription
41:43 Town Watch
44:46 Masonry
44:24 Elite Longship
44:47 Pikeman
56:49 Bodkin Arrow
57:30 Iron Casting
waw15
8:40 Loom
11:24 Feudal Age
16:31 Castle Age
15:00 Double-Bit Axe
15:47 Gold Mining
19:27 Wheelbarrow
19:38 Bow Saw
25:40 Scale Barding Armor
25:46 Forging
29:00 Husbandry
36:35 Imperial Age
34:28 Hand Cart
34:08 Fletching
36:08 Caravan
37:27 Chain Barding Armor
37:42 Iron Casting
36:52 Cavalier
36:54 Light Cavalry
37:38 Town Watch
38:40 Coinage
40:28 Paladin
42:40 Chivalry
44:25 Blast Furnace
44:02 Plate Barding Armor
43:23 Bodkin Arrow
43:28 Scale Mail Armor
43:29 Padded Archer Armor
46:15 Ballistics
46:56 Chemistry
51:40 Onager
70:26 Gold Shaft Mining
Vengefulone
10:33 Feudal Age
12:51 Wheelbarrow
12:02 Town Watch
16:33 Double-Bit Axe
17:50 Horse Collar
27:18 Castle Age
25:17 Stone Mining
26:13 Man-at-Arms
27:47 Fletching
27:58 Scale Mail Armor
27:59 Padded Archer Armor
27:48 Crossbowman
28:36 Squires
31:43 Hand Cart
33:22 Bow Saw
34:39 Gold Mining
34:26 Long Swordsman
34:27 Pikeman
35:28 Leather Archer Armor
35:08 Bodkin Arrow
35:29 Chain Mail Armor
37:03 Town Patrol
37:29 Ballistics
37:05 Murder Holes
37:22 Fortified Wall
37:27 Masonry
38:09 Heavy Plow
43:51 Imperial Age
43:25 Detinets
44:50 Caravan
45:21 Coinage
46:00 Chemistry
45:25 Conscription
45:42 Hoardings
45:52 Plate Mail Armor
44:48 Two-Handed Swordsman
47:14 Druzhina
48:09 Crop Rotation
63:16 Scale Barding Armor
70:24 Husbandry
70:38 Bloodlines
𐂃𐂃
0:34 Loom
11:47 Feudal Age
13:20 Wheelbarrow
17:55 Castle Age
16:12 Double-Bit Axe
16:23 Horse Collar
16:40 Gold Mining
16:57 Stone Mining
17:22 Double-Bit Axe
25:35 Fervor
26:31 Fletching
28:14 Bodkin Arrow
28:46 Ballistics
28:27 Padded Archer Armor
32:37 Imperial Age
30:21 Bow Saw
31:42 Hand Cart
31:32 Caravan
31:34 Heavy Plow
31:49 Husbandry
31:59 Bloodlines
32:38 Elite Mangudai
33:38 Conscription
35:39 Chemistry
35:31 Bracer
36:13 Leather Archer Armor
36:49 Parthian Tactics
40:00 Thumb Ring
54:56 Drill
54:56 Onager
56:56 Siege Onager
59:05 Siege Engineers
Porfido
12:16 Feudal Age
17:54 Castle Age
23:44 Imperial Age
21:40 Horse Collar
23:47 Padded Archer Armor
Thats How We do action in Uganda
3:33 Loom
14:00 Feudal Age
14:23 Horse Collar
15:58 Double-Bit Axe
18:45 Castle Age
17:11 Gold Mining
20:11 Heavy Plow
20:23 Bow Saw
20:53 Gold Shaft Mining
21:34 Wheelbarrow
20:45 Town Watch
22:35 Stone Mining
23:40 Hand Cart
25:06 Stone Shaft Mining
30:35 Imperial Age
28:28 Ballistics
28:04 Murder Holes
27:49 Treadmill Crane
29:05 Scale Mail Armor
29:16 Forging
30:33 Masonry
30:18 Fletching
32:27 Chemistry
32:19 Heavy Scorpion
33:31 Arson
33:32 Gambesons
35:13 Furor Celtica
35:01 Stronghold
36:54 Chain Mail Armor
37:14 Iron Casting
36:35 Bodkin Arrow
37:06 Conscription
38:16 Elite Woad Raider
40:39 Siege Engineers
41:44 Plate Mail Armor
42:15 Blast Furnace
41:16 Padded Archer Armor
41:54 Hoardings
47:51 Leather Archer Armor
47:42 Scale Barding Armor
47:49 Fortified Wall
55:31 Caravan
62:32 Onager
62:34 Capped Ram
72:51 Sappers
73:33 Siege Ram
74:24 Spies/Treason
hqitbkv
0:56 Loom
11:26 Feudal Age
16:26 Castle Age
22:23 Double-Bit Axe
23:44 Bow Saw
28:19 Wheelbarrow
30:12 Gold Mining
30:14 Stone Mining
30:47 Horse Collar
32:03 Heavy Plow
33:37 Hand Cart
34:29 Bloodlines
34:19 Husbandry
36:53 Imperial Age
35:01 Stone Shaft Mining
34:24 Treadmill Crane
37:09 Forging
37:04 Scale Barding Armor
37:46 Fortified Wall
37:48 Masonry
37:13 Cavalier
38:16 Conscription
38:12 Elite Leitis
38:47 Paladin
40:06 Iron Casting
39:52 Chain Barding Armor
40:21 Caravan
40:00 Light Cavalry
42:22 Plate Barding Armor
42:05 Winged Hussar
43:30 Coinage
53:07 Onager
路一司
10:22 Feudal Age
16:12 Castle Age
15:47 Double-Bit Axe
15:43 Horse Collar
15:51 Horse Collar
26:44 Wheelbarrow
28:29 Gold Mining
28:29 Stone Mining
28:59 Bow Saw
28:52 Heavy Plow
29:39 Hand Cart
31:22 Stone Shaft Mining
35:49 Imperial Age
33:07 Loom
33:08 Town Watch
33:18 Fletching
33:29 Padded Archer Armor
33:54 Ballistics
33:14 Treadmill Crane
33:45 Masonry
33:45 Fortified Wall
34:25 Bodkin Arrow
34:55 Leather Archer Armor
36:34 Silk Road
36:33 Thumb Ring
35:51 Light Cavalry
36:38 Bracer
37:08 Ring Archer Armor
36:44 Scale Barding Armor
36:49 Forging
37:43 Chemistry
37:14 Architecture
37:04 Caravan
37:36 Town Patrol
37:50 Husbandry
38:01 Bloodlines
38:13 Conscription
40:26 Two-Man Saw
39:59 Crop Rotation
39:13 Hussar
40:20 Chain Barding Armor
40:49 Iron Casting
40:58 Elite Genoese Crossbowman
43:18 Elite Genoese Crossbowman
45:13 Plate Barding Armor
45:38 Blast Furnace
50:34 Scale Mail Armor
71:06 Spies/Treason
Connection lost

Rejoining the realm…

Still unreachable

The connection could not be restored.

Session expired

The server has moved on; the page needs a fresh start.